AoeStats
← 唉呦我的媽

Lombardia

509070027Analyzed
4v4 RM · 7d ago on Sep 25, 2026· 24m 56s· 8 players
Game mode
Random Map
Map size
Large (8 player)
Population
200
Speed
Normal
Resources
Standard
Victory
Conquest
Starting age
Dark Age
Ending age
Imperial Age
RankedLock teamsTeams togetherTeam positionsShared explorationLock speedFull tech treeHidden civsTurbo modeCheats
Victory
Defeat
🇬🇧 Ethiopians · United Kingdom
994
+14
🇮🇩 Persians · Indonesia
969
+15
🇦🇺 Mongols · Australia
952
+16
🇨🇳 Britons · China
940
+16
🇩🇰 Vietnamese · Denmark
1004
-17
🇫🇷 Georgians · France
942
-15
🇹🇼 Burgundians · Taiwan
930
-15
🇬🇧 Hindustanis · United Kingdom
913
-14
Matcha
0:47 Loom
10:48 Feudal Age
16:31 Castle Age
16:59 Double-Bit Axe
MoonRiver
0:41 Loom
12:33 Feudal Age
13:48 Double-Bit Axe
13:45 Horse Collar
22:02 Castle Age
23:41 Heavy Plow
24:02 Bow Saw
Paladins Order
4:46 Loom
9:57 Feudal Age
11:55 Double-Bit Axe
19:21 Castle Age
17:31 Horse Collar
18:11 Bloodlines
19:41 Forging
21:21 Iron Casting
20:10 Light Cavalry
24:39 Wheelbarrow
24:49 Bow Saw
25:08 Heavy Plow
雷欧
10:38 Feudal Age
14:16 Castle Age
12:26 Double-Bit Axe
12:34 Horse Collar
19:11 Wheelbarrow
19:47 Heavy Plow
20:49 Bow Saw
21:01 Loom
22:40 Gold Mining
23:46 Hand Cart
AngelusMagno
0:29 Loom
13:21 Feudal Age
16:56 Castle Age
14:44 Double-Bit Axe
15:08 Horse Collar
16:01 Stone Mining
17:45 Wheelbarrow
16:57 Town Watch
19:00 Stone Shaft Mining
19:59 Hand Cart
24:45 Bow Saw
24:42 Heavy Plow
24:33 Gold Mining
alabataille
9:09 Loom
10:54 Feudal Age
11:58 Double-Bit Axe
13:22 Horse Collar
19:43 Castle Age
BetrayedSnail57
8:57 Loom
11:22 Feudal Age
12:34 Double-Bit Axe
13:30 Stone Mining
13:32 Gold Mining
15:36 Wheelbarrow
19:33 Castle Age
17:32 Horse Collar
21:43 Bow Saw
25:19 Forging
25:10 Scale Mail Armor
唉呦我的媽
11:25 Feudal Age
13:35 Double-Bit Axe
16:12 Castle Age
15:00 Bow Saw
14:59 Horse Collar
15:43 Heavy Plow
17:31 Husbandry
17:43 Cavalier
20:01 Forging
21:44 Iron Casting
22:10 Scale Barding Armor
24:34 Chain Barding Armor
24:48 Crop Rotation
25:21 Two-Man Saw
24:59 Wheelbarrow
25:00 Gold Mining
Connection lost

Rejoining the realm…

Still unreachable

The connection could not be restored.

Session expired

The server has moved on; the page needs a fresh start.